 Dungeon Crawl Stone Soup version 0.23-a0-494-g91793a9 (webtiles) character file.

14336 theanonym the Severer (level 11, -5/95 HPs)
             Began as a Minotaur Gladiator on Dec 4, 2018.
             Was a High Priest of Hepliaklqana.
             Slain by an 11-headed hydra (9 damage)
             ... on level 1 of the Lair of Beasts.
             The game lasted 00:18:00 (11427 turns).

theanonym the Severer (Minotaur Gladiator)         Turns: 11427, Time: 00:18:01

Health: -5/95      AC: 20    Str: 18    XL:     11   Next: 87%
Magic:  12/12      EV:  6    Int:  8    God:    Hepliaklqana [*****.]
Gold:   1237       SH:  0    Dex: 17    Spells: 10/10 levels left

rFire    + . .     SeeInvis .   D - +0 battleaxe
rCold    + . .     Gourm    .   (shield currently unavailable)
rNeg     . . .     Faith    +   P - +1 gold dragon scales
rPois    +         Spirit   .   c - +0 hat
rElec    .         Reflect  .   A - +2 cloak
rCorr    +         Harm     .   b - +1 pair of gloves "Jiwkeacw" {Regen+}
MR       .....                  (no boots)
Stlth    ..........             L - amulet "Xuph" {Faith Dex+4}
HPRegen  0.65/turn              g - ring of resist corrosion
MPRegen  0.13/turn              F - +2 ring of evasion

@: no status effects
A: retaliatory headbutt, reduced essence, horns 2
a: Recall Ancestor, Ancestor Identity, Transference, Idealise, Renounce Religion


Innate Abilities, Weirdness & Mutations

You reflexively headbutt those who attack you in melee.
You have a pair of horns on your head.
Your life essence is reduced to manifest your ancestor. (-10% HP)


   Skills:
 + Level 12.9 Fighting
 * Level 16.6 Axes
 - Level 2.0 Throwing
 + Level 4.2 Armour
 + Level 5.2 Dodging
 + Level 3.4 Invocations


You had 10 spell levels left.
You didn't know any spells.
Your spell library contained the following spells:

 Spells                   Type           Power        Failure   Level  Hunger
 Animate Skeleton         Necr           N/A          100%        1    ##.....
 Apportation              Tloc           #.....       100%        1    ##.....
 Confusing Touch          Hex            #.....       100%        1    ##.....
 Summon Small Mammal      Summ           #...         100%        1    ##.....

Skill      XL: |  1  2  3  4  5  6  7  8  9 10 11 |
---------------+----------------------------------+-----
Axes           | 4 5 6 7 8 9 11 13 15 16 | 16.6
Fighting       | 3 4 5 6 8 10 11 12 | 12.9
Armour         | 4 |  4.2
Invocations    | 3 |  3.4
Dodging        | 5 |  5.2
Throwing       | |  2.0

Action                   |  1- 3 |  4- 6 |  7- 9 | 10-12 || total
-------------------------+-------+-------+-------+-------++-------
Melee: War axe           |    76 |   150 |   305 |   352 ||   883
       Headbutt          |     3 |    24 |    64 |   111 ||   202
       Battleaxe         |       |       |       |    47 ||    47
Throw: Throwing net      |       |       |       |     6 ||     6
Invok: Ancestor Identity |       |       |     1 |       ||     1
       Recall Ancestor   |       |       |     1 |     2 ||     3
       Ancestor Life: Kn |       |       |     1 |       ||     1
Evoke: Wand              |       |       |       |     1 ||     1
  Use: Scroll            |       |     4 |    14 |     5 ||    23
       Potion            |       |       |     1 |     5 ||     6
 Stab: Distracted        |       |       |     4 |     4 ||     8
       Held in net/web   |       |       |       |     8 ||     8
  Eat: Chunk             |       |     7 |    28 |    14 ||    49
       Ration            |       |     1 |       |     1 ||     2
Armor: Leather armour    |     6 |       |       |       ||     6
       Scale mail        |    32 |     9 |       |       ||    41
       Chain mail        |       |    71 |    81 |       ||   152
       Plate armour      |       |       |    73 |   180 ||   253
       Gold dragon scale |       |       |       |    36 ||    36
Dodge: Dodged            |    65 |    75 |   102 |    92 ||   334

Inventory:

Hand Weapons
 a - a +0 war axe
 D - a +0 battleaxe (weapon)
   (You took it off an orc warrior on level 1 of the Orcish Mines)
Armour
 b - the +1 pair of gloves "Jiwkeacw" (worn) {Regen+}
   (You found it on level 1 of the Lair of Beasts)

   It increases your rate of regeneration.
 c - a +0 hat (worn)
 r - the +4 plate armour of Precision Catastrophes {rF++ Regen+ Str-5 Dex+3}
   (You found it on level 7 of the Dungeon)

   It affects your strength (-5).
   It affects your dexterity (+3).
   It greatly protects you from fire.
   It increases your rate of regeneration.
 A - a +2 cloak (worn)
   (You found it on level 4 of the Dungeon)
 C - a +0 pair of boots
   (You found it on level 1 of the Lair of Beasts)
 P - +1 gold dragon scales (worn)
   (You found it on level 1 of the Lair of Beasts)
Jewellery
 g - a ring of resist corrosion (left hand)
   (You found it on level 7 of the Dungeon)
 s - the amulet of the Pure Wishes {Inacc Dex+2, unknown}
   (You found it on level 1 of the Lair of Beasts)

   [amulet of inaccuracy]

   It reduces the accuracy of all your attacks.
   It affects your dexterity (+2).
 F - a +2 ring of evasion (right hand)
   (You found it on level 5 of the Dungeon)
 L - the amulet "Xuph" (around neck) {Faith Dex+4}
   (You found it on level 10 of the Dungeon)

   [amulet of faith]

   It allows you to gain divine favour quickly.
   It affects your dexterity (+4).
Wands
 z - a wand of iceblast (6)
   (You took it off Harold on level 9 of the Dungeon)
Scrolls
 f - a scroll of fog
 n - 8 scrolls of remove curse
 o - 4 scrolls of immolation
 y - a scroll of random uselessness {unknown}
 B - 3 scrolls of blinking
 E - a scroll of torment {unknown}
 G - a scroll of noise {unknown}
 I - a scroll of vulnerability {unknown}
 J - a scroll of teleportation {unknown}
 K - a scroll of fear
 N - 5 scrolls of amnesia
Potions
 h - 3 potions of haste
 i - 2 potions of mutation
 j - 4 potions of agility
 k - 2 potions of degeneration
 l - a potion of resistance
 m - 2 potions of might
 p - a potion of magic
 q - 2 potions of heal wounds
 t - a potion of invisibility
 u - 3 potions of brilliance
 v - a potion of lignification
 w - 3 potions of curing
 x - 4 potions of flight
 H - a potion of ambrosia
Miscellaneous
 O - a fan of gales
   (You found it on level 10 of the Dungeon)
Comestibles
 e - 17 rations


You were on level 1 of the Lair of Beasts.
You worshipped Hepliaklqana.
Hepliaklqana was extremely pleased with you.
You were not hungry.

You visited 3 branches of the dungeon, and saw 12 of its levels.
You also visited: Ossuary.

You collected 1237 gold pieces.

Dungeon Overview and Level Annotations

Branches:
Dungeon (10/15)            Temple (0/1) D:5            Lair (1/6) D:10
    Orc (1/2) D:9

Altars:
Cheibriados
Hepliaklqana
Nemelex Xobeh
Okawaru
Sif Muna
Wu Jian
The Shining One

Shops:
D:5

:
......##P.#R#........#
......##.†.##........#
......####...........#
.......# ####........#
#+###### #........#
#...# ####.#####
##..### #.# .##D#P##
##.# ....÷..# ##P@#
..÷.l..# ###P##D#####
.......###♣..........#
.......P#♣...♣♣......#
........P♣...♣♣♣(....#
.....♣....P..♣..♣...>#
.....♣...♣....P♣♣♣...#
.......♣♣....♣§.♣l♣..#
.§.§♣P..♣.....♣PD♣P♣.#


You could see a 11-headed hydra.

Notes
Turn   | Place    | Note
-------+----------+-------------------------------------------
     0 | D:1      | theanonym the Minotaur Gladiator began the quest for the
                  | Orb.
     0 | D:1      | Reached XP level 1. HP: 18/18 MP: 0/0
    23 | D:1      | Reached skill level 4 in Axes
   120 | D:1      | Reached XP level 2. HP: 25/25 MP: 1/1
   204 | D:1      | Reached skill level 3 in Fighting
   334 | D:1      | Reached XP level 3. HP: 31/31 MP: 2/2
   487 | D:2      | Reached skill level 5 in Axes
   600 | D:2      | Found a sparkling altar of Nemelex Xobeh.
   634 | D:2      | Reached XP level 4. HP: 26/39 MP: 3/3
   674 | D:2      | HP: 19/39 [poisoned by an adder]
   681 | D:2      | HP: 15/40 [poisoned by an adder]
   755 | D:2      | You fall through a shaft!
   888 | D:3      | Reached skill level 4 in Fighting
   901 | D:3      | Reached skill level 6 in Axes
   904 | D:3      | HP: 20/40 [orc/+0 whip (2)]
   909 | D:3      | Reached XP level 5. HP: 14/46 MP: 4/4
  1025 | D:3      | Noticed Natasha
  1028 | D:3      | Noticed Terence
  1272 | D:3      | Killed Terence
  1377 | D:3      | HP: 22/47 [orc priest/divine providence (16)]
  1390 | D:3      | HP: 17/47 [something/magic dart (7)]
  1711 | D:3      | Reached skill level 7 in Axes
  1711 | D:3      | Reached XP level 6. HP: 31/55 MP: 5/5
  1749 | D:3      | HP: 27/55 [Natasha (5)]
  1755 | D:2      | Killed Natasha
  2119 | D:2      | Found a sparkling altar of Nemelex Xobeh.
  2472 | D:3      | Reached skill level 5 in Fighting
  3137 | D:2      | Found a sparkling altar of Nemelex Xobeh.
  3954 | D:4      | Reached skill level 8 in Axes
  3960 | D:4      | Reached XP level 7. HP: 34/61 MP: 6/6
  4184 | D:4      | Found a glowing golden altar of the Shining One.
  4318 | D:4      | Found a hazy altar of Hepliaklqana.
  4414 | D:4      | Noticed Natasha
  4419 | D:4      | Killed Natasha
  4435 | D:4      | Became a worshipper of Hepliaklqana the Forgotten
  4445 | D:4      | Noticed Natasha
  4457 | D:4      | Killed Natasha
  4572 | D:5      | Entered Level 5 of the Dungeon
  4581 | D:5      | Reached skill level 6 in Fighting
  4730 | D:5      | Found a staircase to the Ecumenical Temple.
  4766 | D:5      | Reached * piety under Hepliaklqana
  4772 | D:5      | Reached skill level 9 in Axes
  4874 | D:5      | Noticed Menkaure
  4881 | D:5      | Killed Menkaure
  5017 | D:5      | Found Amol's Book Emporium.
  5081 | D:6      | Reached XP level 8. HP: 63/63 MP: 7/7
  5157 | D:6      | Noticed Blork the orc
  5162 | D:6      | Killed Blork the orc
  5162 | D:6      | Reached skill level 7 in Fighting
  5162 | D:6      | Reached skill level 10 in Axes
  5165 | D:6      | Found a sand-covered staircase.
  5165 | D:6      | Noticed Edmund
  5174 | D:6      | Killed Edmund
  5269 | Ossuary  | Entered an ossuary
  5537 | D:6      | Found a snail-covered altar of Cheibriados.
  6161 | D:7      | Noticed a hornet
  6165 | D:7      | Reached skill level 11 in Axes
  6167 | D:7      | Paralysed by a hornet for 3 turns
  6176 | D:7      | Killed a hornet
  6176 | D:7      | Reached skill level 8 in Fighting
  6180 | D:7      | HP: 31/66 [orc warrior/+0 trident (13)]
  6185 | D:7      | HP: 27/66 [orc/+0 hand axe (2)]
  6416 | D:7      | Reached XP level 9. HP: 72/73 MP: 8/8
  6458 | D:7      | Got a citrine-encrusted plate armour
  6493 | D:7      | Identified the +4 plate armour of Precision Catastrophes
                  | {rF++ Regen+ Str-5 Dex+3} (You found it on level 7 of the
                  | Dungeon)
  6520 | D:7      | Reached skill level 12 in Axes
  6615 | D:7      | Reached ** piety under Hepliaklqana
  6616 | D:7      | Remembered your ancestor Piston as a knight
  6688 | D:7      | You fall through a shaft for 2 floors!
  6806 | D:8      | Reached skill level 9 in Fighting
  6852 | D:8      | HP: 37/74 [wyvern (3)]
  7017 | D:8      | Found an ornate altar of the Wu Jian Council.
  7091 | D:8      | Reached skill level 13 in Axes
  7105 | D:8      | HP: 33/76 [yak (8)]
  7110 | D:8      | HP: 20/76 [yak (7)]
  7111 | D:8      | Reached skill level 10 in Fighting
  7326 | D:8      | Found an ornate altar of the Wu Jian Council.
  7680 | D:9      | Reached XP level 10. HP: 55/83 MP: 9/9
  7747 | D:9      | Found a staircase to the Orcish Mines.
  7891 | D:9      | HP: 29/83 [enormous slime creature (54)]
  7984 | D:9      | HP: 41/83 [slime creature (13)]
  7987 | D:9      | Reached skill level 14 in Axes
  7991 | D:9      | HP: 2/84 [large slime creature (27)]
  8153 | D:9      | HP: 26/84 [large slime creature (23)]
  8286 | D:9      | Noticed Harold
  8297 | D:9      | Killed Harold
  8388 | D:9      | Reached skill level 11 in Fighting
  8465 | D:9      | Found an iron altar of Okawaru.
  8465 | D:9      | Found a deep blue altar of Sif Muna.
  8497 | D:9      | Reached skill level 15 in Axes
  8857 | D:10     | Entered Level 10 of the Dungeon
  8878 | D:10     | Found a staircase to the Lair.
  8914 | D:10     | Got a bound crystal amulet
  8928 | D:10     | Identified the amulet "Xuph" {Faith Dex+4} (You found it on
                  | level 10 of the Dungeon)
  9048 | D:10     | Reached *** piety under Hepliaklqana
  9194 | D:10     | Noticed a two-headed ogre
  9202 | D:10     | Killed a two-headed ogre
  9202 | D:10     | Reached XP level 11. HP: 63/93 MP: 10/10
  9215 | D:10     | Killed an unseen horror
  9215 | D:10     | Reached skill level 16 in Axes
  9252 | D:10     | Reached skill level 12 in Fighting
  9781 | D:10     | Reached skill level 1 in Armour
  9834 | Orc:1    | Entered Level 1 of the Orcish Mines
  9838 | Orc:1    | Noticed an orc warlord
  9850 | Orc:1    | Noticed an orc sorcerer
  9928 | D:9      | Reached skill level 1 in Invocations
  9978 | D:9      | HP: 41/94 [orc warlord/+3 great sword of holy wrath (26)]
  9985 | D:9      | HP: 23/94 [orc warlord/+3 great sword of holy wrath (20)]
  9994 | D:9      | HP: 11/141 [orc warlord/+3 great sword of holy wrath (28)]
  9997 | D:9      | Killed an orc warlord
  9997 | D:9      | Reached skill level 2 in Armour
  9997 | D:9      | Reached skill level 4 in Dodging
  9997 | D:9      | Reached skill level 2 in Invocations
 10136 | Orc:1    | Killed an orc sorcerer
 10222 | Orc:1    | Reached **** piety under Hepliaklqana
 10236 | Orc:1    | Reached skill level 3 in Armour
 10392 | Orc:1    | Noticed an orc high priest
 10409 | Orc:1    | Noticed a soul eater
 10422 | Orc:1    | HP: 46/94 [orc high priest/divine providence (10)]
 10428 | Orc:1    | HP: 45/94 [orc warrior/+0 scimitar[an orc high priest] (4)]
 10437 | Orc:1    | HP: 32/94 [orc warrior/+0 long sword[an orc high priest]
                  | (10)]
 10447 | Orc:1    | HP: 34/94 [orc high priest/nerve-wracking pain (2)]
 10452 | Orc:1    | Killed an orc high priest
 10453 | Orc:1    | HP: 22/95 [orc[an orc high priest] (2)]
 10920 | Lair:1   | Entered Level 1 of the Lair of Beasts
 10924 | Lair:1   | Reached skill level 3 in Invocations
 10926 | Lair:1   | Reached skill level 5 in Dodging
 11016 | Lair:1   | Reached skill level 4 in Armour
 11047 | Lair:1   | Noticed a six-headed hydra
 11161 | Lair:1   | Reached ***** piety under Hepliaklqana
 11328 | Lair:1   | Got a pair of warped gloves
 11339 | Lair:1   | Identified the +1 pair of gloves "Jiwkeacw" {Regen+} (You
                  | found it on level 1 of the Lair of Beasts)
 11388 | Lair:1   | Got a warped silver amulet
 11419 | Lair:1   | HP: 45/95 [nine-headed hydra (9)]
 11426 | Lair:1   | HP: 38/95 [11-headed hydra (5)]
 11426 | Lair:1   | HP: 13/95 [11-headed hydra (8)]
 11427 | Lair:1   | HP: 4/95 [11-headed hydra (3)]
 11427 | Lair:1   | Slain by an 11-headed hydra

Vanquished Creatures
  An orc warlord (D:9)
  Harold (D:9)
  A two-headed ogre (D:10)
  An orc high priest (Orc:1)
  An orc sorcerer (Orc:1)
  2 slime creatures (D:9)
  2 trolls (D:10)
  A hornet (D:7)
  3 wyverns
  A basilisk (Lair:1)
  2 steam dragons
  8 yaks
  2 hungry ghosts
  Edmund (D:6)
  Menkaure (D:5)
  2 wargs
  A water moccasin (Lair:1)
  10 orc warriors
  3 black bears (D:10)
  2 ice beasts
  2 sky beasts
  An eye of draining (D:10)
  A phantom (D:7)
  2 centaurs
  4 ogres
  5 wolves (Lair:1)
  A crocodile (Lair:1)
  2 big kobolds (D:10)
  An elf zombie (Ossuary)
  3 bullfrogs
  Blork the orc (D:6)
  A wyvern skeleton (D:9)
  2 scorpions
  A quasit (D:9)
  3 crimson imps
  3 hounds
  A centaur zombie (D:5)
  9 orc wizards
  2 bullfrog skeletons
  7 orc priests
  Terence (D:3)
  Natasha (thrice) (D:2 D:4)
  4 iguanas
  6 worker ants
  2 hound skeletons (D:9)
  2 mummies (Ossuary)
  14 adders
  3 shadow imps
  An adder skeleton (D:6)
  3 adder zombies (Ossuary)
  A worm (D:4)
  4 dart slugs
  2 leopard geckos
  38 orcs
  A ball python (D:1)
  2 giant cockroaches
  8 goblins
  13 hobgoblins
  13 jackals
  13 kobolds
  13 bats
  6 frilled lizards
  2 goblin zombies (Ossuary)
  2 hobgoblin zombies (Ossuary)
  A kobold zombie (Ossuary)
  An orc zombie (Ossuary)
  A quokka skeleton (D:6)
  5 quokka zombies (Ossuary)
  9 rats
  A rat zombie (Ossuary)
273 creatures vanquished.

Vanquished Creatures (collateral kills)
  An unseen horror (D:10)
  2 slime creatures (D:9)
  A wyvern (D:9)
  2 yaks (D:8)
  A hungry ghost (D:9)
  A water moccasin (Lair:1)
  2 orc warriors
  2 crocodiles (Lair:1)
  3 orc priests
  A jelly (D:5)
  A bullfrog zombie (D:6)
  A worker ant (D:5)
  A big kobold zombie (Ossuary)
  A mummy (Ossuary)
  An orc (Orc:1)
  A quokka (D:9)
  A kobold (D:10)
  A quokka zombie (Ossuary)
24 creatures vanquished.

Vanquished Creatures (others)
  4 knights
  2 bushes (Lair:1)
  8 plants (Lair:1)
14 creatures vanquished.

Grand Total: 311 creatures vanquished

Table legend:
 A = Turns spent in this place as a percentage of turns spent in the entire game.
 B = Non-inter-level travel turns spent in this place as a percentage of non-inter-level travel turns spent in the entire game.
 C = Inter-level travel turns spent in this place as a percentage of turns spent in this place.
 D = Turns resting spent in this place as a percentage of non-inter-level travel turns spent in this place.
 E = Turns spent auto-exploring this place as a percentage of non-inter-level travel turns spent in this place.
 F = Non-inter-level travel turns spent in this place divided by the number of levels of this place that you've seen.
                   A       B       C       D       E      F
               +-------+-------+-------+-------+-------+----------------------
         Total | 100.0 | 100.0 |   4.7 |  22.8 |  59.1 | 837.8
       Dungeon |  87.3 |  87.3 |   4.7 |  23.9 |  59.4 | 950.8
          Lair |   4.4 |   4.4 |   5.9 |   6.3 |  65.0 | 477.0
  Orcish Mines |   6.6 |   6.6 |   5.2 |  19.5 |  58.6 | 718.0
       Ossuary |   1.6 |   1.7 |   0.0 |  22.3 |  32.4 | 188.0
               +-------+-------+-------+-------+-------+----------------------
